 Dungeon Crawl Stone Soup version 0.31-a0-202-g547052bce9 (webtiles) character file.

Game seed: 5673561440249307293

97013 cforsyth the Warrior (level 16, -2/185 HPs)
             Began as an Ogre Fire Elementalist on June 26, 2023.
             Was a High Priest of Vehumet.
             Killed from afar by a shock serpent (7 damage)
             ... with an electric aura
             ... on level 2 of the Lair of Beasts.
             The game lasted 01:21:01 (38895 turns).

cforsyth the Warrior (Ogre Fire Elementalist)      Turns: 38895, Time: 01:21:01

Health: -2/185     AC:  6    Str: 16    XL:     16   Next: 18%
Magic:  5/43       EV: 12    Int: 28    God:    Vehumet [*****.]
Gold:   1949       SH:  5    Dex: 10    Spells: 8/44 levels left

rFire   + . .        P - +8 mace "Goecext" {vamp, Will+ MP+9 Dex+3 Stlth+}
rCold   . . .        (no shield)
rNeg    . . .        y - +2 robe {rF+}
rPois   +            (helmet restricted)
rElec   .            k - +0 cloak
rCorr   .            (gloves unavailable)
SInv    .            (boots unavailable)
Will    ++...        j - amulet of reflection
Stlth   +++          E - +6 ring of intelligence
HPRegen 0.50/turn    p - ring of poison resistance
MPRegen 0.28/turn

%: reflection
@: no status effects
A: large, unfitting armour, tough skin 1, talons 1, clumsy 1
a: Renounce Religion


You were on level 2 of the Lair of Beasts.
You worshipped Vehumet.
Vehumet was extremely pleased with you.
You visited 5 branches of the dungeon, and saw 24 of its levels.

You collected 2287 gold pieces.
You spent 338 gold pieces at shops.

Inventory:

Hand Weapons
 J - the +9 staff of Olgreb {rPois∞}
   (You found it on level 11 of the Dungeon)

   It enhances your poison magic.
   It grants immunity to poison.
   It can be activated via the 'a'bility menu to radiate toxic energy, with
   effectiveness depending on Evocations skill.
 P - the +8 mace "Goecext" (weapon) {vamp, Will+ MP+9 Dex+3 Stlth+}
   (You found it on level 2 of the Lair of Beasts)

   Dex:       It affects your dexterity (+3).
   MP:        It affects your magic capacity (+9).
   Will:      It increases your willpower.
   Stlth:     It makes you more stealthy.
Missiles
 A - 4 throwing nets
Armour
 k - a +0 cloak (worn)
 v - a +0 robe of cold resistance
 y - a +2 robe of fire resistance (worn)
 K - a +2 robe of willpower
Magical Staves
 q - a staff of cold
Jewellery
 g - a ring of flight
 j - an amulet of reflection (around neck)
 p - a ring of poison resistance (right hand)
 C - a ring of protection from fire
 E - a +6 ring of intelligence (left hand)
 F - a ring of magical power
 G - a ring of ice
 H - a ring of protection from cold
 I - a ring of fire
 R - a ring of resist corrosion
 T - an amulet of guardian spirit
Wands
 d - a wand of flame (35)
 s - a wand of polymorph (7)
 x - a wand of acid (7)
 M - a wand of mindburst (6)
 S - a wand of roots (4)
Scrolls
 a - 2 scrolls of immolation {unknown}
 e - 2 scrolls of torment {unknown}
 i - 5 scrolls of teleportation
 l - 4 scrolls of summoning
 o - 2 scrolls of enchant armour {unknown}
 r - 2 scrolls of fog
 B - 3 scrolls of blinking
 L - 3 scrolls of poison
 O - a scroll of amnesia
 V - a scroll of enchant weapon
 W - a scroll of brand weapon {unknown}
Potions
 b - 2 potions of magic
 c - 4 potions of enlightenment
 f - a potion of haste
 h - 2 potions of mutation
 m - 2 potions of heal wounds
 n - 2 potions of cancellation
 t - 4 potions of might
 u - 4 potions of curing
 w - 4 potions of lignification
 z - 3 potions of brilliance
 D - 2 potions of invisibility
 N - 5 potions of ambrosia
 Q - 5 potions of attraction
 U - 2 potions of resistance


   Skills:
 - Level 17.9 Fighting
 - Level 9.5 Dodging
 - Level 1.4 Stealth
 + Level 14.7 Spellcasting
 + Level 12.2 Conjurations
 + Level 12.4 Fire Magic
 - Level 4.0 Poison Magic


You had 8 spell levels left.
You knew the following spells:

 Your Spells              Type           Power      Damage    Failure   Level
a - Foxfire               Conj/Fire      100%       2x1d9     0%          1
b - Scorch                Fire           100%       2d9       0%          2
c - Flame Wave            Conj/Fire      74%        2d16      1%          4
d - Mephitic Cloud        Conj/Pois/Air  50%        N/A       1%          3
e - Hailstorm             Conj/Ice       53%        3d12      1%          3
f - Olgreb's Toxic Radia  Pois           42%        N/A       1%          4
g - Starburst             Conj/Fire      37%        6d11      1%          6
h - Irradiate             Conj/Tmut      26%        3d20      1%          5
i - Ignite Poison         Fire/Tmut/Pois 50%        N/A       1%          3
j - Fireball              Conj/Fire      37%        3d15      1%          5

Your spell library contained the following spells:

 Spells                   Type           Power      Damage    Failure   Level
 Shock                    Conj/Air       100%       1d9       1%          1
 Static Discharge         Conj/Air       100%       2-7/arc   1%          2
 Inner Flame              Hex/Fire       53%        N/A       1%          3
 Volatile Blastmotes      Fire/Tloc      100%       2d18      1%          3
 Arcjolt                  Conj/Air       26%        1d36      1%          5
 Apportation              Tloc           40%        N/A       2%          1
 Cigotuvi's Dreadful Rot  Necr/Pois/Air  56%        N/A       2%          2
 Lesser Beckoning         Tloc           40%        N/A       3%          2
 Wereblood                Tmut           20%        N/A       3%          2
 Freezing Cloud           Conj/Ice/Air   21%        6-21      3%          5
 Airstrike                Air            10%        2d(2-18)  7%          4
 Gell's Gravitas          Tloc           20%        N/A       8%          3
 Portal Projectile        Hex/Tloc       40%        N/A       8%          3
 Swiftness                Air            20%        N/A       8%          3
 Teleport Other           Tloc           20%        N/A       8%          3
 Tukima's Dance           Hex            20%        N/A       8%          3
 Vhi's Electric Charge    Tloc/Air       40%        N/A       8%          3
 Yara's Violent Unravell  Hex/Tmut       10%        3d6       17%         5
 Manifold Assault         Tloc           20%        N/A       24%         4
 Summon Lightning Spire   Summ/Air       20%        N/A       24%         4
 Alistair's Intoxication  Tmut/Pois      20%        N/A       30%         5
 Blade Hands              Tmut           10%        N/A       56%         5
 Dispersal                Tloc           10%        N/A       98%         6
 Enfeeble                 Hex            10%        N/A       100%        7
 Disjunction              Tloc           10%        N/A       100%        8
 Maxwell's Capacitive Co  Air            10%        ∞         100%        8


Dungeon Overview and Level Annotations

Branches:
Dungeon (15/15)            Temple (1/1) D:5            Lair (5/5) D:10
  Swamp (0/4) Lair:2        Snake (1/4) Lair:2        Slime (0/5) Lair:4
    Orc (2/2) D:12            Elf (0/3) Orc:2        Vaults (0/5) D:14
 Depths (0/4) D:15

Altars:
Ashenzari
Elyvilon
Fedhas
Makhleb
Sif Muna
Trog
Uskayaw
Vehumet
Wu Jian
Xom
Yredelemnul
Jiyva
Lugonu

Shops:
Orc:2 *[(=*

Portals:
Abyss: Lair:5

Annotations:
D:15 2 transporters, Carotun's ghost, journeyman FoFi


Innate Abilities, Weirdness & Mutations

You are too large for most types of armour.
You have tough skin. (AC +1)
You have sharp toenails.
You are clumsy. (Dex -2)


Message History

Confirm with . or Enter, or press ? or * to list all spells.
Flames lash the shock serpent.
The shock serpent is moderately wounded.
The shock serpent's fire resistance burns away.
The shock serpent's electric aura discharges, shocking you!
The shock serpent looks more healthy.
The shock serpent bites you! The shock serpent shocks you!
The shock serpent bites you! The shock serpent shocks you!
Casting: Scorch (safe; 0% risk of failure)
Confirm with . or Enter, or press ? or * to list all spells.
Casting: Starburst (mildly dangerous; 1% risk of failure)
Press: ? - help, Dir - look around, f - activate The bolt of fire hits the shock serpent!!!
The shock serpent is burned terribly!
The shock serpent is almost dead.
The shock serpent's electric aura discharges violently, shocking you!
* * * LOW HITPOINT WARNING * * *
The shock serpent bites you.
* * * LOW HITPOINT WARNING * * *
The shock serpent shocks you!
* * * LOW HITPOINT WARNING * * *
Casting: Starburst (mildly dangerous; 1% risk of failure)
Confirm with . or Enter, or press ? or * to list all spells.
Casting: Starburst (mildly dangerous; 1% risk of failure)
Press: ? - help, Dir - look around, f - activate The bolt of fire misses the shock serpent.
The shock serpent barely misses you.
The shock serpent shoots out a bolt of lightning at you!
The bolt of electricity hits you!
* * * LOW HITPOINT WARNING * * *
Casting: Starburst (mildly dangerous; 1% risk of failure)
Confirm with . or Enter, or press ? or * to list all spells.
Casting: Starburst (mildly dangerous; 1% risk of failure)
Press: ? - help, Dir - look around, f - activate The bolt of fire hits the shock serpent!!!
The shock serpent is burned terribly!
You kill the shock serpent!
Vehumet accepts your kill.
The air sparks with electricity, shocking you!
You die...

....................#######
....##..#..........##
....###.###.#......#
#....##.##..####...#
....P#...#..P#######
............###≈≈≈##
...........##≈≈≈.≈≈##
..........##.≈≈...§≈#
.....#..........@†≈≈#
.P..#....###..≈...≈≈#
...###...#####≈..≈≈###
.....#...#.###≈≈≈≈##.#
.............######.##
....................#
....######..........##
.....# #...........# ...P##
##P#.####...#


There were no monsters in sight!

Vanquished Creatures
  Saint Roka (Orc:2)
  Kirke (D:12)
  An orc warlord (Orc:2)
  A dire elephant (D:15)
  An ettin (Orc:2)
  Josephine (D:13)
  8 vault guards (D:14)
  Harold (Lair:2)
  Erolcha (Orc:2)
  5 hydras
  The ghost of Lance11888 the Covert, a journeyman OpDe of Zin (D:11)
  5 centaur warriors
  The ghost of Rudyous the Nimble, a journeyman OpFE of Gozag (Lair:2)
  Erica (Lair:2)
  A boulder beetle (D:14)
  A dancing weapon (Lair:2)
  A two-headed ogre (D:13)
  2 thrashing horrors (Lair:5)
  11 death yaks (Lair:5)
  3 tengu warriors
  An orc high priest (Orc:2)
  Nergalle (Lair:2)
  A shock serpent (Lair:2)
  Amaemon (Lair:2)
  2 skysharks
  A wizard (D:15)
  Pikel (D:4)
  2 deep elf pyromancers
  4 orc knights (Orc:2)
  2 orc sorcerers (Orc:2)
  A wolf spider (D:14)
  6 ugly things
  5 cyclopes
  3 manticores
  A moth of wrath (D:11)
  2 salamanders
  3 black mambas
  8 slime creatures
  Joseph (D:9)
  11 elephants (Lair:5)
  2 torpor snails (Lair:5)
  10 cane toads
  2 smoke demons
  An orange demon (Lair:2)
  A gargoyle (D:6)
  10 komodo dragons
  2 rime drakes
  The ghost of porpoise the Shooter, a novice TeHu (D:5)
  3 ancient zymes (Lair:5)
  2 burning bushes (Lair:1)
  A troll (shapeshifter) (Lair:5)
  3 meliai (D:15)
  2 polar bears
  A merfolk (D:15)
  A queen bee (D:15)
  7 trolls
  28 blink frogs
  9 dream sheep
  4 large abominations (Lair:5)
  2 shadows
  A vampire (D:12)
  4 wraiths
  2 wyverns
  A ynoxinul (Lair:5)
  3 hogs
  43 yaks
  3 chaos spawn (Lair:5)
  3 steam dragons
  Grum (D:11)
  6 basilisks
  6 wargs
  4 acid dragons
  19 water moccasins
  A swamp drake (Lair:2)
  2 ice beasts
  9 small abominations (Lair:5)
  A sky beast (D:8)
  2 black bears
  31 orc warriors
  7 centaurs
  13 wolves
  5 ogres
  A lemure (D:4)
  2 phantoms
  13 bullfrogs
  Blork the orc (Orc:2)
  7 necrophages (Lair:3)
  2 gnoll sergeants
  6 scorpions
  3 wights (D:6)
  45 killer bees
  4 howler monkeys
  2 lava snakes (Lair:2)
  2 electric eels
  20 orc priests
  4 hounds
  A jelly (D:6)
  2 sleepcaps
  10 iguanas
  30 orc wizards
  4 hell rats (Lair:5)
  8 adders
  29 gnolls
  4 shadow imps
  A white imp (D:5)
  An ufetubus (D:5)
  4 dart slugs
  79 orcs
  11 ball pythons
  4 endoplasms
  2 giant cockroaches
  9 goblins
  9 hobgoblins
  3 jackals (D:3)
  3 quokkas
  12 bats
  4 frilled lizards
  11 kobolds
  3 rats (D:2)
720 creatures vanquished.

Vanquished Creatures (collateral kills)
  2 hogs (D:12)
  40 foxfires
42 creatures vanquished.

Vanquished Creatures (others)
  2322 foxfires
2322 creatures vanquished.

Grand Total: 3084 creatures vanquished

Notes
Turn   | Place    | Note
-------+----------+-------------------------------------------
     0 | D:1      | cforsyth the Ogre Fire Elementalist began the quest for the
                  | Orb.
     0 | D:1      | Reached XP level 1. HP: 16/16 MP: 3/3
   201 | D:1      | Reached skill level 1 in Conjurations
   442 | D:1      | Reached XP level 2. HP: 10/24 MP: 1/5
  1190 | D:2      | Reached XP level 3. HP: 31/31 MP: 3/7
  1193 | D:2      | Learned a level 2 spell: Scorch
  2464 | D:3      | Reached XP level 4. HP: 39/39 MP: 0/9
  2636 | D:3      | Found a faded altar of an unknown god.
  3280 | D:4      | Noticed Pikel
  3280 | D:4      | Noticed a lemure
  3280 | D:4      | Noticed a lemure
  3280 | D:4      | Noticed a lemure
  3280 | D:4      | Noticed a lemure
  3297 | D:4      | Reached XP level 5. HP: 45/45 MP: 6/10
  3660 | D:4      | Killed a lemure
  3793 | D:4      | Killed Pikel
  3794 | D:4      | Reached skill level 5 in Spellcasting
  3794 | D:4      | Reached XP level 6. HP: 30/53 MP: 0/14
  3794 | D:4      | Reached XP level 7. HP: 33/59 MP: 0/15
  4453 | D:4      | Reached skill level 5 in Fire Magic
  4562 | D:4      | Gained mutation: You are clumsy. (Dex -2) [potion of
                  | mutation]
  4562 | D:4      | Gained mutation: You have sharp toenails. [potion of
                  | mutation]
  5052 | D:4      | Found a bloodstained altar of Trog.
  5072 | D:4      | Reached XP level 8. HP: 67/67 MP: 11/17
  5211 | D:5      | Entered Level 5 of the Dungeon
  5228 | D:5      | Reached skill level 5 in Conjurations
  5744 | D:5      | Found a radiant altar of Vehumet.
  5825 | D:5      | Found a staircase to the Ecumenical Temple.
  5878 | Temple   | Entered the Ecumenical Temple
  5939 | D:5      | Became a worshipper of Vehumet
  6220 | D:5      | Found a runed translucent door.
  6267 | D:5      | Noticed porpoise's ghost (novice TeHu)
  6527 | D:5      | Reached XP level 9. HP: 74/74 MP: 9/20
  7303 | D:6      | Reached * piety under Vehumet
  7303 | D:6      | Offered knowledge of Shock by Vehumet.
  7926 | D:6      | Noticed a gargoyle
  8259 | D:6      | Killed a gargoyle
  9152 | D:7      | You are sucked into a shaft and drop 3 floors!
  9152 | D:10     | Entered Level 10 of the Dungeon
  9205 | D:9      | Reached XP level 10. HP: 81/81 MP: 15/23
  9479 | D:9      | Noticed Joseph
 10174 | D:7      | Offered knowledge of Magic Dart by Vehumet.
 10281 | D:7      | Found a shimmering blue altar of Sif Muna.
 10339 | D:7      | Reached ** piety under Vehumet
 11109 | D:7      | Reached skill level 10 in Spellcasting
 11380 | D:8      | Learned a level 4 spell: Flame Wave
 11393 | D:8      | Reached skill level 1 in Fighting
 11446 | D:8      | Reached skill level 2 in Fighting
 12046 | D:8      | Reached skill level 3 in Fighting
 12332 | D:9      | Found a blossoming altar of Fedhas.
 12926 | D:9      | Identified the +1 cloak of Hoaruom {-Tele Str+5 Dex+5}
 12958 | D:9      | Reached skill level 4 in Fighting
 13348 | D:9      | Killed Joseph
 13349 | D:9      | Reached skill level 5 in Fighting
 13632 | D:9      | Reached XP level 11. HP: 76/105 MP: 14/25
 13807 | D:9      | Reached skill level 6 in Fighting
 14154 | D:10     | Reached skill level 5 in Dodging
 14172 | D:10     | Offered knowledge of Mephitic Cloud by Vehumet.
 14301 | D:9      | Learned a level 3 spell: Mephitic Cloud
 14486 | D:10     | Found a staircase to the Lair.
 14515 | D:10     | Reached skill level 7 in Fighting
 14905 | D:10     | Reached *** piety under Vehumet
 15466 | D:10     | Found a basalt altar of Yredelemnul.
 15516 | D:10     | Reached skill level 8 in Fighting
 15708 | D:10     | Found a burning altar of Makhleb.
 16001 | D:11     | Noticed a moth of wrath
 16001 | D:11     | Noticed Lance11888's ghost (journeyman OpDe)
 16013 | D:11     | Found a transporter.
 16430 | D:11     | Found the +9 staff of Olgreb {rPois∞}
 16476 | D:11     | Noticed Grum
 16487 | D:11     | Killed Grum
 16607 | D:11     | Noticed a cyclops
 16615 | D:11     | Killed a cyclops
 16616 | D:11     | Reached skill level 9 in Fighting
 16940 | D:11     | Found a transporter.
 17049 | D:12     | Noticed a brown ugly thing
 17296 | D:12     | Offered knowledge of Hailstorm by Vehumet.
 17301 | D:12     | Learned a level 3 spell: Hailstorm
 17314 | D:12     | Killed a brown ugly thing
 17525 | D:12     | Found a staircase to the Orcish Mines.
 17793 | D:12     | Found a white marble altar of Elyvilon.
 17793 | D:12     | Noticed a cyclops
 17811 | D:12     | Killed a cyclops
 17812 | D:12     | Reached skill level 10 in Fighting
 17973 | D:12     | Noticed a manticore
 17981 | D:12     | Killed a manticore
 18039 | D:12     | Noticed Kirke
 18667 | D:12     | Reached XP level 12. HP: 128/128 MP: 20/26
 18676 | D:12     | Noticed a sphinx
 18676 | D:12     | Killed Kirke
 18676 | D:12     | Reached **** piety under Vehumet
 18677 | D:12     | Reached skill level 11 in Fighting
 19069 | Lair:1   | Entered Level 1 of the Lair of Beasts
 20033 | Lair:1   | Reached skill level 12 in Fighting
 20842 | Lair:2   | Noticed Amaemon
 20855 | Lair:2   | Killed Amaemon
 21128 | Lair:2   | Noticed Nergalle
 21388 | Lair:2   | Killed Nergalle
 21389 | Lair:2   | Reached skill level 13 in Fighting
 21502 | Lair:2   | Found a runed translucent door.
 21503 | Lair:2   | Found a shimmering altar of Xom.
 21503 | Lair:2   | Noticed Rudyous's ghost (journeyman OpFE)
 21503 | Lair:2   | Noticed a +0 rapier of chaos
 21561 | Lair:2   | Noticed Erica
 21652 | Lair:2   | Identified the +8 mace "Goecext" {vamp, Will+ MP+9 Dex+3
                  | Stlth+}
 21654 | Lair:2   | Noticed a four-headed hydra
 21663 | Lair:2   | Killed a four-headed hydra
 21663 | Lair:2   | Offered knowledge of Olgreb's Toxic Radiance by Vehumet.
 21669 | Lair:2   | Learned a level 4 spell: Olgreb's Toxic Radiance
 21905 | Lair:2   | Reached skill level 14 in Fighting
 22496 | Lair:2   | Reached XP level 13. HP: 108/148 MP: 7/27
 22614 | Lair:2   | Reached skill level 1 in Poison Magic
 22872 | Lair:2   | Killed Erica
 22873 | Lair:2   | Reached skill level 15 in Fighting
 22958 | Lair:2   | Noticed Harold
 22971 | Lair:2   | Killed Harold
 23398 | Lair:2   | Found a staircase to the Swamp.
 23620 | Lair:2   | Found a staircase to the Snake Pit.
 24155 | Lair:3   | Reached skill level 16 in Fighting
 24953 | Lair:3   | Reached ***** piety under Vehumet
 25054 | Lair:3   | Offered knowledge of Starburst by Vehumet.
 25062 | Lair:3   | Learned a level 6 spell: Starburst
 25308 | Lair:4   | Reached skill level 17 in Fighting
 25665 | Lair:4   | Found a staircase to the Slime Pits.
 25666 | Lair:4   | Found a viscous altar of Jiyva.
 26383 | Lair:5   | Entered Level 5 of the Lair of Beasts
 26863 | Lair:5   | Reached XP level 14. HP: 138/167 MP: 23/28
 28353 | Lair:5   | Reached skill level 10 in Fire Magic
 29294 | Lair:5   | Offered knowledge of Irradiate by Vehumet.
 29475 | Lair:5   | Reached skill level 10 in Conjurations
 29991 | Lair:5   | Found a corrupted altar of Lugonu.
 29996 | Lair:5   | Found a one-way gate to the infinite horrors of the Abyss.
 30408 | Lair:5   | Identified the +1 chain mail of Delicate Creativity
                  | {Rampage}
 30782 | Orc:1    | Entered Level 1 of the Orcish Mines
 30814 | Orc:1    | Learned a level 5 spell: Irradiate
 31303 | Orc:2    | Entered Level 2 of the Orcish Mines
 31344 | Orc:2    | Found Oruraeq's CLEARANCE SALE!.
 31365 | Orc:2    | Noticed Blork the orc
 31378 | Orc:2    | Killed Blork the orc
 31380 | Orc:2    | Reached XP level 15. HP: 158/176 MP: 25/31
 31444 | Orc:2    | Noticed Erolcha
 31447 | Orc:2    | Killed Erolcha
 31711 | Orc:2    | Noticed an orc warlord
 31727 | Orc:2    | Killed an orc warlord
 31957 | Orc:2    | Found Qufoju's Antique Armour Boutique.
 31962 | Orc:2    | Found Heiwaidu's General Store.
 32070 | Orc:2    | Found Ybar Ish's Jewellery Boutique.
 32123 | Orc:2    | Noticed Saint Roka
 32152 | Orc:2    | Offered knowledge of Freezing Cloud by Vehumet.
 32670 | Orc:2    | Found Lyusigg's Antique Weapon Boutique.
 32713 | Orc:2    | Bought a Trismegistus Codex for 338 gold pieces
 32717 | Orc:2    | Learned a level 3 spell: Ignite Poison
 32917 | Orc:2    | Found a staircase to the Elven Halls.
 32928 | Orc:2    | Killed Saint Roka
 33732 | D:13     | Noticed Josephine
 33735 | D:13     | Killed Josephine
 34901 | D:14     | Found a gate to the Vaults.
 35701 | D:15     | Entered Level 15 of the Dungeon
 35719 | D:15     | Offered knowledge of Fireball by Vehumet.
 35729 | D:15     | Learned a level 5 spell: Fireball
 36302 | D:15     | Noticed Carotun's ghost (journeyman FoFi)
 36350 | D:15     | Found a transporter.
 36354 | D:15     | Found a transporter.
 36914 | D:15     | Reached XP level 16. HP: 165/185 MP: 34/34
 37273 | D:15     | Got the Almanac of Modification and Intoxication
 37316 | D:15     | Found a staircase to the Depths.
 38031 | D:5      | Killed porpoise's ghost
 38109 | D:5      | Identified the +0 scale mail "Fosodytsa" {Rampage rC++
                  | Regen+}
 38598 | D:11     | Killed Lance11888's ghost
 38733 | Lair:2   | Killed Rudyous's ghost
 38883 | Snake:1  | Entered Level 1 of the Snake Pit
 38894 | Lair:2   | HP: 5/185 [shock serpent/bolt of electricity (17)]
 38895 | Lair:2   | Killed from afar by a shock serpent

Illustrated notes

Levels and vault maps discovered:
D:1:      psy_arrival_statuary, layout_loops_ring, corexii_corridor_pit
D:2:      layout_basic
D:3:      layout_rooms, shapermc_ecumenical_altar_acropolis
D:4:      old_forge, layout_loops_ring, trog_three_pillars_becter,
          minmay_goblin_outpost, uniq_pikel
D:5:      layout_loops_ring, nicolae_vehumet_radiance, lemuel_temple_firewalk_b,
          ebering_ghost_sewer_d, nrook_loot_triangle, kennysheep_generic_room_14
D:6:      layout_loops_ring, chequers_serial_rivers_micro_b
D:7:      layout_basic, led_sif_pool, serial_rivers,
          chequers_serial_rivers_micro_a, chequers_serial_rivers_room_a,
          chequers_serial_rivers_large_b, chequers_serial_rivers_micro_a,
          minmay_misc_feat_chi, grunt_ministairs_2, minmay_lizard_king
D:8:      layout_basic, minmay_misc_feat_square, nicolae_benzene_ring
D:9:      nicolae_cairo_tiling_large_dashed, layout_loops_ring,
          lemuel_crystal_altar, uniq_joseph
D:10:     layout_basic, demons_altar, mainiacjoe_overflow_small_starburst,
          erik_lair_orcish_takeover
D:11:     layout_long_grid, gammafunk_ghost_berserking_beasts, hex_medium,
          uniq_grum
D:12:     layout_roguey, erik_orc_4, nicolae_elyvilon_temple_path, uniq_kirke
D:13:     layout_basic, hangedman_decor_lopped, uniq_josephine
D:14:     layout_roguey, erik_vaults_2, serial_aquarium,
          aquarium_bridge_straight [aquarium_subvault_bridge,
          aquarium_subvault_balcony, aquarium_subvault_bridge,
          aquarium_subvault_wall], aquarium_window_1, aquarium_window_fake,
          aquarium_window_3, aquarium_window_1, aquarium_view_2f,
          aquarium_balcony_5a
D:15:     hangedman_depths_entry_try_elsewhere_first, layout_stronghold,
          gammafunk_ghost_hive, minivault_7
Temple:   lightli_temple_of_artemis
Lair:1:   layout_gridlike, evilmike_ambush [evilmike_ambush_outer_corners,
          evilmike_ambush_inner_basic], grunt_megastairs_3
Lair:2:   layout_gridlike, minmay_swamp_entry_reptiles,
          nicolae_snake_entry_warm_welcome, ebering_ghost_xom,
          serial_bayou_shore_a, uniq_erica, uniq_amaemon, uniq_nergalle,
          uniq_harold
Lair:3:   layout_cave_shapes, roderic_carrion_pond, grunt_megastairs_5,
          lemuel_fruit_tree, infiniplex_staircase_pool_2
Lair:4:   layout_hall_layers, slime_entry_1, serial_bayou_lake_a
Lair:5:   hellmonk_lair_end_abyssal_woods, layout_cave_pods
Snake:1:  gammafunk_its_a_trap, layout_rooms, gammafunk_ghost_cemetery
Orc:1:    layout_caves, mines2_david
Orc:2:    grunt_orc_cross, layout_diamond_mine, basic_altar,
          nicolae_shop_clearance, uniq_saint_roka, uniq_erolcha

Skill      XL: |  1  2  3  4  5  6  7  8  9 10 11 12 13 14 15 16 |
---------------+-------------------------------------------------+-----
Conjurations   | 1 2 4 5 7 8 10 11 12 | 12.2
Fire Magic     | 3 4 5 6 7 8 10 12 | 12.4
Spellcasting   | 3 5 6 7 9 10 12 14 | 14.7
Fighting       | 5 10 14 17 | 17.9
Dodging        | 4 7 9 |  9.5
Poison Magic   | 4 |  4.0
Stealth        | |  1.4

Action                     |  1- 3 |  4- 6 |  7- 9 | 10-12 | 13-15 | 16-18 || total
---------------------------+-------+-------+-------+-------+-------+-------++-------
  Melee: Unarmed           |    20 |     5 |       |       |       |       ||    25
         Staff             |       |     2 |    19 |     6 |       |       ||    27
         Kick              |       |       |       |     3 |     4 |     1 ||     8
         Mace              |       |       |       |       |    25 |     2 ||    27
         Punch             |       |       |       |       |     1 |       ||     1
   Cast: Foxfire           |    75 |    61 |   143 |   497 |   552 |     1 ||  1329
         Scorch            |       |     4 |   119 |   262 |   114 |    23 ||   522
         Flame Wave        |       |       |       |    19 |     4 |       ||    23
         Mephitic Cloud    |       |       |       |     2 |     5 |       ||     7
         Olgreb's Toxic Ra |       |       |       |    10 |   166 |     9 ||   185
         Hailstorm         |       |       |       |     5 |     7 |     4 ||    16
         Starburst         |       |       |       |       |   100 |    17 ||   117
         Ignite Poison     |       |       |       |       |    68 |    11 ||    79
         Fireball          |       |       |       |       |     3 |       ||     3
         Irradiate         |       |       |       |       |       |     1 ||     1
  Evoke: Wand              |       |       |       |       |     6 |       ||     6
    Use: Scroll            |       |       |     7 |    10 |     6 |       ||    23
         Potion            |       |       |     2 |       |       |       ||     2
 Armour: Robe              |    16 |     2 |    44 |    72 |    48 |    11 ||   193
  Dodge: Dodged            |    14 |     9 |    49 |   154 |   167 |    36 ||   429
  Block: Other             |     3 |     5 |    35 |    70 |    78 |     8 ||   199
         Reflection        |       |     1 |     3 |     4 |     6 |     1 ||    15

Table legend: (Time is in decaauts)
 A = Elapsed time spent in this place.
 B = Non-inter-level travel time spent in this place.
 C = Inter-level travel time spent in this place.
 D = Time resting spent in this place.
 E = Time spent auto-exploring this place.
 F = Levels seen in this place.
 G = Mean time per level.
                   A        B        C        D        E       F      G
               +--------+--------+--------+--------+--------+-----+--------+
         Total |  38990 |  37584 |   1406 |   6895 |  25291 |  24 | 1624.6 |
       Dungeon |  24806 |  23671 |   1135 |   4416 |  16151 |  15 | 1653.7 |
        Temple |      1 |      1 |      0 |      0 |      0 |   1 |    1.0 |
          Lair |  11393 |  11196 |    197 |   2146 |   7232 |   5 | 2278.6 |
     Snake Pit |      5 |      5 |      0 |      0 |      0 |   1 |    5.0 |
  Orcish Mines |   2782 |   2710 |     72 |    333 |   1908 |   2 | 1391.0 |
               +--------+--------+--------+--------+--------+-----+--------+

Top non-repeatable levels by time:
  Lair:5: 3878 daAuts
  Lair:2: 2692 daAuts
     D:6: 2187 daAuts
    D:10: 2173 daAuts
    D:15: 2104 daAuts
    D:11: 2099 daAuts
     D:8: 2097 daAuts
     D:5: 2070 daAuts
  Lair:1: 1875 daAuts
     D:4: 1870 daAuts
   Orc:2: 1780 daAuts
  Lair:3: 1623 daAuts
     D:7: 1618 daAuts
    D:12: 1588 daAuts
     D:9: 1497 daAuts
